 Dungeon Crawl Stone Soup version 0.22-a0-407-gb098539 (webtiles) character file.

501 Gorglomux the Changer (level 6, 0/28 HPs)
             Began as a Felid Transmuter on May 9, 2018.
             Was a Believer of Okawaru.
             Killed from afar by Dowan (16 damage)
             ... with a stone arrow
             ... on level 5 of the Dungeon.
             The game lasted 00:22:47 (7369 turns).

Gorglomux the Changer (Felid Transmuter)            Turns: 7369, Time: 00:22:48

Health: 0/28       AC:  2    Str:  6    XL:     6   Next: 95%
Magic:  8/11       EV: 21    Int: 15    God:    Okawaru [**....]
Gold:   252        SH:  0    Dex: 23    Spells: 5/11 levels left
                                        Lives:  0   Deaths: 2

rFire    . . .     SeeInvis +     - Unarmed
rCold    . . .     Gourm    .   (shield unavailable)
rNeg     . . .     Faith    .   (armour unavailable)
rPois    x         Spirit   .   (helmet unavailable)
rElec    .         Reflect  .   (cloak unavailable)
rCorr    .         Harm     .   (gloves unavailable)
MR       .....                  (boots unavailable)
Stlth    +++.......             (no amulet)
HPRegen  0.09/turn              (no ring)
MPRegen  0.12/turn              (no ring)

@: spider-form
A: tiny, no armour, no weapons or thrown items, stealth, see invisible,
carnivore, slow metabolism 1
a: End Transformation, Heroism, Renounce Religion


You were on level 5 of the Dungeon.
You worshipped Okawaru.
Okawaru was pleased with you.
You were not hungry.
You were a venomous arachnid creature.
You visited 1 branch of the dungeon, and saw 5 of its levels.

You collected 252 gold pieces.

Inventory:

Missiles
 a - 24 arrows
Jewellery
 k - a cursed -5 ring of protection {unknown}
 t - an uncursed ring of protection from cold {unknown}
 u - a +3 amulet of reflection {unknown}
 P - an uncursed ring of ice {unknown}
Wands
 E - a wand of enslavement (18)
Scrolls
 f - a scroll of noise {unknown}
 i - a scroll of magic mapping {unknown}
 m - a scroll of random uselessness {unknown}
 p - a scroll of immolation {unknown}
 s - 2 scrolls of enchant weapon {unknown}
 N - 2 scrolls of remove curse {unknown}
 S - a scroll of amnesia {unknown}
 T - 3 scrolls of teleportation
 U - a scroll of fog {unknown}
 V - a scroll of fear {unknown}
 Z - 3 scrolls of identify {unknown}
Potions
 n - a potion of cancellation {unknown}
 o - a potion of mutation {unknown}
 r - a potion of brilliance {unknown}
 Q - 2 potions of curing
 R - a potion of berserk rage {unknown}
 W - a potion of heal wounds
 X - a potion of experience {unknown}
 Y - a potion of might {unknown}
Comestibles
 c - 9 rations


   Skills:
 - Level 3.0 Fighting
 - Level 2.6 Dodging
 - Level 4.0 Stealth
 - Level 6.0 Unarmed Combat
 - Level 3.3 Spellcasting
 + Level 7.0 Transmutations
 - Level 2.2 Poison Magic


You had 5 spell levels left.
You knew the following spells:

 Your Spells              Type           Power        Failure   Level  Hunger
a - Beastly Appendage     Tmut           ###...       5%          1    #......
b - Sticks to Snakes      Tmut           ###.....     7%          2    ##.....
c - Spider Form           Tmut/Pois      ###.......   22%         3    ###....


Dungeon Overview and Level Annotations

Branches:
Dungeon (5/15)
 Temple: D:4-7

Altars:
Cheibriados
Fedhas
Okawaru
Qazlal
Ru
Sif Muna
Vehumet
Xom
Zin

Shops:
D:4 (   D:5 %

Annotations:
D:4 exclusions: door and statue
D:5 Dowan


Innate Abilities, Weirdness & Mutations

You cannot wear armour.
You are incapable of wielding weapons or throwing items.
Your paws allow you to move quietly. (Stealth)
((You have sharp claws.))
((You have razor-sharp teeth.))
You have supernaturally acute eyesight. (SInv)
You are carnivorous and can eat meat at any time.
((You cover ground quickly.))
((You are covered in thick fur. (AC +2)))
You have a slow metabolism.
((Your sharp claws are effective at attacking unaware monsters.))


Message History

The centaur shouts!!!
You maul Dowan!
Dowan looks as sick as possible!!!
Dowan is moderately wounded!
Dowan gestures wildly while chanting!
Dowan blinks!!!
Dowan says, "Her death will not be in vain!!!"
Dowan gestures at you while chanting! The shard of ice hits you!!!
DANG; * * * don'butt die
* * * Unknown command!
Unknown command!
It was a potion of heal wounds!
You feel much better!
The centaur wields an uncursed shortbow!
The centaur shoots an arrow!
The arrow barely misses you!
Unknown command!
The centaur shoots an arrow!
The arrow hits you!!!
Dowan points at you and mumbles some strange words!
The stone arrow hits you!!!
DANG rip

.....................#.#.###.....
#######.######.##.##.#.e## ##....
...# #.# #.##.##.#..# ###....
##.####.######....####### #.#.#.#
.........#......).# #...#.#
###.####.#........### #.#.#.#
#.....##.#..........# ###....
.......#.#......e...# #....
.......#.#....ยง.s#### ##...
..._.....#.......#.. ##.#
.......#.#....>..#.# # #.#
.......#.####.##.#.#.## #.#
#.....##.####.#...[#..# #######.#
###.####...##.#.#.....# #.......#
.........#.##.#....#### #########
....<#..##.##.####c# ###
.......###.##.# #.# #.########


You could see Dowan and a centaur.

Vanquished Creatures
  A hippogriff (D:5)
  Grinder (D:5)
  Duvessa (D:5)
  A sky beast (D:5)
  A scorpion (D:5)
  3 hounds
  2 orc priests (D:5)
  6 orc wizards
  2 worker ants
  A hound skeleton (D:4)
  The ghost of Gorglomux the Sneak, a weakling FeTm of Okawaru (D:3)
  6 adders
  A shadow imp (D:4)
  An ooze (D:4)
  An adder skeleton (D:5)
  3 worms
  2 dart slugs
  2 leopard geckos
  14 orcs
  5 bats
  6 giant cockroaches
  6 goblins
  12 hobgoblins
  11 jackals
  7 kobolds
  4 quokkas
  4 ball pythons
  6 frilled lizards
  A jackal skeleton (D:5)
  12 rats
124 creatures vanquished.

Vanquished Creatures (collateral kills)
  2 scorpions
  A jelly (D:5)
3 creatures vanquished.

Grand Total: 127 creatures vanquished

Notes
Turn   | Place    | Note
-------+----------+-------------------------------------------
     0 | D:1      | Gorglomux the Felid Transmuter began the quest for the Orb.
     0 | D:1      | Reached XP level 1. HP: 9/9 MP: 4/4
    31 | D:1      | Reached skill level 1 in Stealth
   170 | D:1      | Reached XP level 2. HP: 4/12 MP: 4/6
   448 | D:1      | Reached skill level 3 in Stealth
   850 | D:1      | Reached XP level 3. HP: 15/15 MP: 7/7
   992 | D:1      | Learned a level 2 spell: Sticks to Snakes
  1708 | D:2      | Found a blossoming altar of Fedhas.
  1780 | D:2      | Reached XP level 4. HP: 17/20 MP: 8/8
  2135 | D:2      | Found a sacrificial altar of Ru.
  2177 | D:2      | Became a worshipper of Ru the Awakened
  2304 | D:2      | Reached skill level 3 in Fighting
  2403 | D:3      | Found a shimmering altar of Xom.
  2688 | D:3      | Learned a level 3 spell: Spider Form
  3110 | D:3      | Found a faded altar of an unknown god.
  3367 | D:3      | Reached XP level 5. HP: 24/24 MP: 9/9
  3627 | D:3      | Found a snail-covered altar of Cheibriados.
  3649 | D:3      | Noticed Gorglomux's ghost (weakling FeTm)
  3819 | D:3      | Killed Gorglomux's ghost
  4553 | D:4      | Found an iron altar of Okawaru.
  4554 | D:4      | Found a stormy altar of Qazlal.
  4616 | D:4      | Fell from the grace of Ru
  4616 | D:4      | Became a worshipper of Warmaster Okawaru
  4943 | D:4      | Gained mutation: You are covered in thick fur. (AC +2) [Felid growth]
  4943 | D:4      | Reached XP level 6. HP: 20/28 MP: 4/10
  5359 | D:4      | Found a deep blue altar of Sif Muna.
  5413 | D:4      | Reached skill level 6 in Unarmed Combat
  5442 | D:4      | Found a radiant altar of Vehumet.
  5446 | D:4      | Found Sexoism's Antique Weapon Shop.
  5660 | D:5      | Entered Level 5 of the Dungeon
  5660 | D:5      | Found a glowing silver altar of Zin.
  5660 | D:5      | Noticed a sky beast
  5826 | D:5      | Reached skill level 1 in Poison Magic
  5968 | D:5      | Noticed Grinder
  6162 | D:5      | Found Vonaum's Food Shop.
  6181 | D:5      | Killed Grinder
  6181 | D:5      | Reached * piety under Okawaru
  6181 | D:5      | Reached skill level 3 in Transmutations
  6181 | D:5      | Reached XP level 7. HP: 23/31 MP: 2/11
  6218 | D:5      | Reached skill level 4 in Transmutations
  6236 | D:5      | Noticed a hippogriff
  6306 | D:5      | Reached skill level 5 in Transmutations
  6607 | D:5      | Slain by a centaur
  6608 | D:5      | Reached XP level 6. HP: -2/28 MP: 4/10
  6755 | D:5      | Killed a hippogriff
  6755 | D:5      | Reached skill level 3 in Spellcasting
  6755 | D:5      | Reached skill level 6 in Transmutations
  6755 | D:5      | Reached XP level 7. HP: 15/31 MP: 7/12
  7135 | D:5      | Noticed Duvessa
  7135 | D:5      | Noticed Dowan
  7146 | D:5      | Slain by Duvessa
  7147 | D:5      | Reached XP level 6. HP: 0/28 MP: 6/11
  7147 | D:5      | Killed Duvessa
  7147 | D:5      | Reached ** piety under Okawaru
  7201 | D:5      | Reached skill level 7 in Transmutations
  7369 | D:5      | Killed from afar by Dowan

Vault maps used:
D:1:      lordsloth_arrival_two_stooges
D:2:      fedhas_altar_1, hangedman_ru_absence
D:3:      xom_teletrap_fun, kennysheep_slug_shrine,
          chequers_ecumenical_altar_simple_redux
D:4:      grunt_qazlal_clouds, vehumet_statue, led_sif_book, serial_shops, shop,
          first_ration, hex_medium, okawaru_ov_weapons_minmay
D:5:      lemuel_upstairs_altar, old_standard_altar, serial_shops, shop,
          uniq_duvessa, uniq_grinder

Skill      XL: |  1  2  3  4  5  6  7 |
---------------+----------------------+-----
Stealth        | 2 4 |  4.0
Fighting       | 2 3 |  3.0
Unarmed Combat | 5 6 |  6.0
Poison Magic   | 2 |  2.2
Transmutations | 7 5 |  7.0
Spellcasting   | 3 |  3.3
Dodging        | |  2.6

Action                   |  1- 3 |  4- 6 |  7- 9 || total
-------------------------+-------+-------+-------++-------
Melee: Unarmed           |    98 |   287 |    30 ||   415
       Bite              |     4 |    18 |       ||    22
       Headbutt          |     3 |     7 |       ||    10
       Punch             |       |     3 |     1 ||     4
 Cast: Beastly Appendage |     4 |     8 |     1 ||    13
       Spider Form       |       |    12 |     5 ||    17
       Sticks to Snakes  |       |    14 |     4 ||    18
Invok: Heroism           |       |       |     2 ||     2
 Abil: End Transformatio |       |     1 |       ||     1
  Use: Potion            |       |     5 |       ||     5
       Scroll            |       |     1 |       ||     1
 Stab: Sleeping          |    22 |    12 |     1 ||    35
       Distracted        |       |     2 |       ||     2
  Eat: Chunk             |     9 |    12 |     1 ||    22
Armor: Skin              |     3 |    11 |       ||    14
Dodge: Dodged            |    69 |   223 |    27 ||   319

Table legend:
 A = Spawn XP
 B = Non-spawn XP
 C = Spawn XP percentage of total XP
 D = Spawn monster count
 E = Non-spawn monster count
 F = Spawn count percentage of total count
 G = Total turns spent on level
                    A         B        C        D         E        F      G
               +---------+---------+-------+---------+---------+-------+---------
         Total |       0 |    1790 |   0.0 |       0 |     127 |   0.0 |  7369
               +---------+---------+-------+---------+---------+-------+---------
           D:1 |       0 |      52 |   0.0 |       0 |      30 |   0.0 |  1427
           D:2 |       0 |      73 |   0.0 |       0 |      26 |   0.0 |   962
           D:3 |       0 |     218 |   0.0 |       0 |      35 |   0.0 |  2161
           D:4 |       0 |     203 |   0.0 |       0 |      14 |   0.0 |  1313
           D:5 |       0 |    1244 |   0.0 |       0 |      22 |   0.0 |  1506
               +---------+---------+-------+---------+---------+-------+---------
